 Dungeon Crawl Stone Soup version 0.26-a0-163-g6c8a0bf695 (webtiles) character file.

Game seed: 6171554371927248677

21 MrRokkomies the Vexing (level 3, -2/20 HPs)
             Began as a Kobold Arcane Marksman on July 3, 2020.
             Slain by a hobgoblin
             ... wielding a cursed +0 club
              (5 damage)
             ... on level 1 of the Dungeon.
             The game lasted 00:02:27 (791 turns).

MrRokkomies the Vexing (Kobold Arcane Marksman)      Turns: 791, Time: 00:02:27

Health: -2/20      AC:  2    Str:  8    XL:     3   Next: 2%
Magic:  4/4        EV: 16    Int: 14    God:
Gold:   23         SH:  0    Dex: 15    Spells: 3/4 levels left

rFire    . . .     SeeInvis .   a - +0 hand crossbow
rCold    . . .     Faith    .   (shield restricted)
rNeg     . . .     Spirit   .   e - +0 robe
rPois    .         Reflect  .   (no helmet)
rElec    .         Harm     .   (no cloak)
rCorr    .                      (no gloves)
MR       .....                  (no boots)
Stlth    +.........             (no amulet)
HPRegen  0.06/turn              (no ring)
MPRegen  0.09/turn              (no ring)

@: no status effects
A: small, carnivore
a: no special abilities


You were on level 1 of the Dungeon.
You were very full.

You visited 1 branch of the dungeon, and saw 1 of its levels.

You collected 23 gold pieces.

Inventory:

Hand Weapons
 a - a +0 hand crossbow (weapon)
 b - a +0 mace
Missiles
 d - 5 bolts (quivered)
 h - 2 throwing nets
Armour
 e - a +0 robe (worn)
Scrolls
 c - a scroll of noise {unknown}
 g - a scroll of remove curse {unknown}
 i - a scroll of fear {unknown}
 j - a scroll of enchant armour {unknown}
Comestibles
 f - 2 rations


   Skills:
 + Level 1.5 Fighting
 * Level 3.1 Crossbows
 * Level 3.0 Dodging
 - Level 1.1 Spellcasting
 + Level 3.1 Hexes


You had 3 spell levels left.
You knew the following spells:

 Your Spells              Type           Power        Failure   Level  Hunger
a - Corona                Hex            #......      7%          1    ##.....

Your spell library contained the following spells:

 Spells                   Type           Power        Failure   Level  Hunger
 Slow                     Hex            #.......     11%         2    ###....
 Inner Flame              Hex/Fire       #.......     38%         3    ####...
 Portal Projectile        Hex/Tloc       #.....       38%         3    ####...
 Cause Fear               Hex            #.........   56%         4    #####..
 Leda's Liquefaction      Hex/Erth       #.........   80%         4    #####..


Dungeon Overview and Level Annotations

Branches:
Dungeon (1/15)

Altars:
Ashenzari


Innate Abilities, Weirdness & Mutations

You are small and have problems with some larger weapons.
You are carnivorous and can eat meat at any time.


Message History

Aim: a hobgoblin, wielding a +0 club (severely wounded)
You shoot a bolt.
The bolt completely misses the hobgoblin.
The hobgoblin hits you with a cursed +0 club!
* * * LOW HITPOINT WARNING * * *
Firing (i - inventory. (/) - cycle)
d - 7 bolts (quivered)
Press: ? - help, Shift-Dir - straight line, f/p - hobgoblin
Aim: a hobgoblin, wielding a +0 club (severely wounded)
You shoot a bolt.
The bolt hits the hobgoblin but does no damage.
The hobgoblin is severely wounded.
The hobgoblin hits you with a cursed +0 club.
* * * LOW HITPOINT WARNING * * *
The hobgoblin closely misses you.
Firing (i - inventory. (/) - cycle)
d - 6 bolts (quivered)
Press: ? - help, Shift-Dir - straight line, f/p - hobgoblin
Aim: a hobgoblin, wielding a +0 club (severely wounded)
You shoot a bolt. The bolt closely misses the hobgoblin.
The hobgoblin hits you with a cursed +0 club.
You die...

# ... .#.#............
... ......#.(.......
... #..............
###.##..#.......#...
#+##.⌠#..#.............
......#.....#.#.^...!..
......####...g.((.#
.....#...#..####g##
._..(+...+..# #@#
.....#......# #.$......
.....##.##..# ##.......
......#.....# .#.####
#+##.⌠#.....# .#.#
##.#.##### .# # #....#
.# #..### .# #.##


You could see a hobgoblin.

Vanquished Creatures
  An ooze (D:1)
  2 bats (D:1)
  3 goblins (D:1)
  A hobgoblin (D:1)
  3 jackals (D:1)
  A frilled lizard (D:1)
  A kobold (D:1)
  3 rats (D:1)
15 creatures vanquished.

Notes
Turn   | Place    | Note
-------+----------+-------------------------------------------
     0 | D:1      | MrRokkomies the Kobold Arcane Marksman began the quest for
                  | the Orb.
     0 | D:1      | Reached XP level 1. HP: 12/12 MP: 2/2
   123 | D:1      | Reached XP level 2. HP: 10/16 MP: 3/3
   485 | D:1      | Found a shattered altar of Ashenzari.
   780 | D:1      | Reached XP level 3. HP: 14/20 MP: 4/4
   791 | D:1      | Slain by a hobgoblin

Illustrated notes

Levels and vault maps discovered:
D:1:      lightli_iron_boxes, layout_basic, st_stairs_5, evilmike_ruin_ashenzari

Skill      XL: |  1  2 |
---------------+-------+-----
Crossbows      | 3 |  3.1
Dodging        | 3 |  3.0
Fighting       | |  1.5
Spellcasting   | |  1.1
Hexes          | |  3.1

Action                   || total
-------------------------++-------
Melee: Mace              ||    33
 Fire: Hand crossbow     ||    31
  Eat: Chunk             ||     6
Armor: Robe              ||    14
Dodge: Dodged            ||    62

Table legend:
 A = Non-vault XP
 B = Vault XP
 C = Vault XP percentage of total XP
 D = Non-vault monster count
 E = Vault monster count
 F = Vault count percentage of total count
                 A         B        C        D         E       F
            +---------+---------+-------+---------+---------+-------
      Total |      25 |       5 |  16.7 |      12 |       3 |  20.0
            +---------+---------+-------+---------+---------+-------
        D:1 |      25 |       5 |  16.7 |      12 |       3 |  20.0
            +---------+---------+-------+---------+---------+-------
